 Dungeon Crawl Stone Soup version 0.29-a0-355-g7276a9ff7f (webtiles) character file.

Game seed: 6021600348393400654

14 101zpm the Gusty (level 2, -1/22 HPs)
             Began as a Naga Air Elementalist on Apr 24, 2022.
             Slain by a jackal (2 damage)
             ... on level 1 of the Dungeon.
             The game lasted 00:01:39 (631 turns).

101zpm the Gusty (Naga Air Elementalist)             Turns: 631, Time: 00:01:41

Health: -1/22      AC:  1    Str: 10    XL:     2   Next: 45%
Magic:  1/5        EV: 10    Int: 15    God:
Gold:   0          SH:  0    Dex: 11    Spells: 4/5 levels left

rFire   . . .      SeeInvis +   g - staff of air
rCold   . . .      Faith    .   (no shield)
rNeg    . . .      Spirit   .   a - +0 robe
rPois   +          Reflect  .   (no helmet)
rElec   +          Harm     .   (no cloak)
rCorr   .          Rampage  .   (no gloves)
Will    .....                   (no barding)
Stlth   ++........              (no amulet)
HPRegen 0.07/turn               (no ring)
MPRegen 0.09/turn               (no ring)

@: very slow
A: AC +0, large, see invisible, deformed body, poison resistance, slowness 2,
spit poison 1, naga tail 1
a: Spit Poison


You were on level 1 of the Dungeon.
You visited 1 branch of the dungeon, and saw 1 of its levels.

Inventory:

Armour
 a - a +0 robe (worn)
Magical Staves
 g - a staff of air (weapon)
Scrolls
 d - a scroll of enchant weapon {unknown}
 e - a scroll of identify {unknown}
Potions
 b - a potion of magic
 c - a potion of curing {unknown}
 f - a potion of heal wounds {unknown}


   Skills:
 + Level 1.7 Dodging
 + Level 3.1 Stealth
 + Level 2.0 Spellcasting
 + Level 1.0 Conjurations
 + Level 3.5 Air Magic


You had 4 spell levels left.
You knew the following spells:

 Your Spells              Type           Power      Damage    Failure   Level
a - Shock                 Conj/Air       48%        1d6       9%          1

Your spell library contained the following spells:

 Spells                   Type           Power      Damage    Failure   Level
 Static Discharge         Conj/Air       12%        N/A       13%         2
 Swiftness                Air            18%        N/A       16%         3
 Airstrike                Air            9%         N/A       45%         4


Dungeon Overview and Level Annotations

Branches:
Dungeon (1/15)

Altars:


Innate Abilities, Weirdness & Mutations

Your serpentine skin is tough. (AC +0)
You have supernaturally acute eyesight. (SInv)
Armour fits poorly on your strangely shaped body.
Your system is resistant to poisons. (rPois)
You cover ground very slowly.
You can spit poison.
You have a snake-like lower body.


Message History

A ball python comes into view.
The jackal closely misses you. The jackal misses you.
g - a staff of air (weapon)
The jackal barks!
The jackal barely misses you. x2
The jackal attacks as you move away! The jackal barely misses you.
The jackal bites you. The jackal closely misses you.
The jackal barely misses you. The jackal closely misses you.
The jackal barely misses you. The jackal attacks as you move away!
The jackal bites you. x5
You are too injured to fight recklessly!
Aiming: Shock (safe; 9% risk of failure)
Press: ? - help, Q - select action, (/) - cycle Shift-Dir - straight line, f - jackal
Aim: a jackal (moderately wounded, 60% to hit)
You feel a surge of power!
The zap hits the jackal.
The jackal is severely wounded.
The zap hits the jackal.
The jackal is severely wounded.
The jackal bites you.
You don't have enough magic to cast this spell.
You barely miss the jackal.
The jackal is severely wounded.
The jackal barely misses you. The jackal bites you.
* * * LOW HITPOINT WARNING * * *
The jackal bites you.
* * * LOW HITPOINT WARNING * * *
The jackal closely misses you.
You hit the jackal but do no damage.
The jackal is severely wounded.
The jackal bites you but does no damage.
The jackal bites you.
* * * LOW HITPOINT WARNING * * *
The jackal closely misses you.
You hit the jackal.
You kill the jackal!
The jackal bites you.
* * * LOW HITPOINT WARNING * * *
The jackal bites you but does no damage.
The jackal bites you.
You die...

........ #+#......
#.#.....# #..#
#.#.....##....†.##
###.#.....##........
.........##......###
#h##...............
#.@hS..............
####h..............
...................†.
......[...........###
............###.####.
............# #.##...
............# #......
............# ####...
............# #...


You could see 3 jackals and a ball python.

Vanquished Creatures
  3 ball pythons (D:1)
  2 bats (D:1)
  A goblin (D:1)
  A jackal (D:1)
  2 kobolds (D:1)
  3 frilled lizards (D:1)
  4 rats (D:1)
16 creatures vanquished.

Notes
Turn   | Place    | Note
-------+----------+-------------------------------------------
     0 | D:1      | 101zpm the Naga Air Elementalist began the quest for the
                  | Orb.
     0 | D:1      | Reached XP level 1. HP: 15/15 MP: 3/3
   335 | D:1      | Reached XP level 2. HP: 22/22 MP: 1/5
   631 | D:1      | HP: 1/22 [jackal (1)]
   631 | D:1      | Slain by a jackal

Illustrated notes

Levels and vault maps discovered:
D:1:      minmay_arrival_radiant_lines, layout_basic,
          chequers_ecumenical_altar_simple_redux, st_stairs_14

Action                   || total
-------------------------++-------
Melee: Unarmed           ||     8
       Staff             ||     3
 Cast: Shock             ||    28
Armor: Robe              ||     4
Dodge: Dodged            ||    21

Table legend: (Time is in decaauts)
 A = Elapsed time spent in this place.
 B = Non-inter-level travel time spent in this place.
 C = Inter-level travel time spent in this place.
 D = Time resting spent in this place.
 E = Time spent auto-exploring this place.
 F = Levels seen in this place.
 G = Mean time per level.
                   A        B        C        D        E       F      G
               +--------+--------+--------+--------+--------+-----+--------+
         Total |    706 |    706 |      0 |    216 |    368 |   1 |  706.0 |
       Dungeon |    706 |    706 |      0 |    216 |    368 |   1 |  706.0 |
               +--------+--------+--------+--------+--------+-----+--------+

Top non-repeatable levels by time:
     D:1: 706 daAuts
